 Dungeon Crawl Stone Soup version 0.28.0 (webtiles) character file.

Game seed: 17899895317944367064

56 hawla the Conjurer (level 3, 0/26 HPs)
             Began as a Draconian Conjurer on Feb 10, 2022.
             Succumbed to Crazy Yiuf's poison
             ... on level 2 of the Dungeon.
             The game lasted 00:05:27 (2590 turns).

hawla the Conjurer (Draconian Conjurer)             Turns: 2590, Time: 00:05:28

Health: 0/26       AC:  5    Str:  6 (9)  XL:     3   Next: 69%
Magic:  1/7        EV: 15    Int: 17 (20) God:
Gold:   18         SH:  0    Dex:  6 (9)  Spells: 4/7 levels left

rFire   . . .      SeeInvis .   (no weapon)
rCold   . . .      Faith    .   (no shield)
rNeg    . . .      Spirit   .   (armour unavailable)
rPois   .          Reflect  .   (helmet restricted)
rElec   .          Harm     .   (no cloak)
rCorr   .          Rampage  .   (no gloves)
Will    .....                   (no boots)
Stlth   +.........              (no amulet)
HPRegen 0.08/turn               f - +4 ring of evasion
MPRegen 0.10/turn               (no ring)

@: lethally poisoned (0 -> -6), attractive
A: AC +5, unfitting armour, cold-blooded
a: no special abilities


You were on level 2 of the Dungeon.
You visited 1 branch of the dungeon, and saw 2 of its levels.

You collected 63 gold pieces.
You spent 45 gold pieces at shops.

Inventory:

Jewellery
 f - a +4 ring of evasion (left hand)
 g - a ring of wizardry
 i - an amulet of regeneration
Scrolls
 c - 2 scrolls of noise {unknown}
 d - 4 scrolls of teleportation {unknown}
 e - a scroll of immolation {unknown}
 j - a scroll of fear {unknown}
 l - a scroll of identify {unknown}
 m - a scroll of magic mapping
Potions
 k - 2 potions of degeneration


   Skills:
 - Level 1.7 Dodging
 - Level 1.7 Stealth
 + Level 2.7 Spellcasting
 + Level 4.5 Conjurations
 + Level 1.7 Translocations


You had 4 spell levels left.
You knew the following spells:

 Your Spells              Type           Power      Damage    Failure   Level
a - Magic Dart            Conj           68%        1d6       2%          1
b - Searing Ray           Conj           34%        2d5       4%          2

Your spell library contained the following spells:

 Spells                   Type           Power      Damage    Failure   Level
 Dazzling Flash           Conj/Hex       18%        N/A       22%         3
 Iskenderun's Mystic Bla  Conj/Tloc      13%        2d5       43%         4
 Tukima's Dance           Hex            2%         N/A       47%         3
 Fulminant Prism          Conj/Hex       4%         3d6       56%         4
 Anguish                  Hex/Necr       1%         N/A       87%         4
 Enfeeble                 Hex            1%         N/A       100%        7


Dungeon Overview and Level Annotations

Branches:
Dungeon (2/15)

Altars:

Shops:
D:2 ?

Annotations:
D:2 Crazy Yiuf


Innate Abilities, Weirdness & Mutations

Your plain brown scales are hard. (AC +5)
You cannot fit into any form of body armour.
You are cold-blooded and may be slowed by cold attacks.


Message History

It was a scroll of blinking.
Crazy Yiuf is nearby!
It was a potion of attraction.
You feel attractive to monsters.
Casting: Searing Ray (safe; 3% risk of failure)
Confirm with . or Enter, or press ? or * to list all spells.
Aiming: Searing Ray (safe; 3% risk of failure)
Press: ? - help, Shift-Dir - straight line, f - Crazy Yiuf
Aim: Crazy Yiuf, wielding a +3 quarterstaff of chaos and wearing a +0 cloak (heavily wounded, 81% to hit)
The searing ray hits Crazy Yiuf.
Crazy Yiuf is severely wounded. (Press . to maintain the ray.)
The searing ray hits Crazy Yiuf.
Crazy Yiuf is almost dead.
The searing ray hits the fungus!
The fungus begins to die.
The fungus is lightly damaged.
Crazy Yiuf flaps his cloak.
Crazy Yiuf hits you with a +3 quarterstaff of chaos.
* * * LOW HITPOINT WARNING * * *
Crazy Yiuf draws strength from your wounds!
It was a potion of degeneration.
There was something very wrong with that liquid.
You feel weakened.
You feel dopey.
You feel clumsy.
Crazy Yiuf whimpers, "Shadow sizzlefizz arga!"
Crazy Yiuf hits you with a +3 quarterstaff of chaos.
* * * LOW HITPOINT WARNING * * *
You feel yourself slow down. Crazy Yiuf freezes you.
* * * LOW HITPOINT WARNING * * *
You feel better.
Crazy Yiuf hits you with a +3 quarterstaff of chaos!
* * * LOW HITPOINT WARNING * * *
You are lethally poisoned!
Crazy Yiuf barely misses you.
You feel yourself speed up.
* * * LOW HITPOINT WARNING * * *
You feel very sick.
A nearby fungus withers and dies.
* * * LOW HITPOINT WARNING * * *
You feel sick. Crazy Yiuf misses you.
You die...

♣.♣♣ #.#
♣♣.♣ #.#
♣.♣♣ #.#
♣♣.♣♣ #.#
♣.PP♣♣ #.#
♣..PP♣ #[#
#....# #.#
##..#####.#
#...g.@..#
##...#####
#####


You could see Crazy Yiuf.

Vanquished Creatures
  2 adders (D:2)
  2 endoplasms (D:1)
  4 goblins (D:1)
  5 hobgoblins
  4 jackals (D:2)
  5 quokkas
  3 ball pythons (D:2)
  3 frilled lizards
  2 kobolds
  4 rats
34 creatures vanquished.

Vanquished Creatures (others)
  A fungus (D:2)
1 creature vanquished.

Grand Total: 35 creatures vanquished

Notes
Turn   | Place    | Note
-------+----------+-------------------------------------------
     0 | D:1      | hawla the Draconian Conjurer began the quest for the Orb.
     0 | D:1      | Reached XP level 1. HP: 14/14 MP: 3/3
   672 | D:1      | Reached XP level 2. HP: 12/20 MP: 0/5
   921 | D:1      | Reached skill level 1 in Translocations
  1376 | D:1      | Learned a level 2 spell: Searing Ray
  1780 | D:2      | Reached XP level 3. HP: 26/26 MP: 2/6
  2153 | D:2      | Found a runed translucent door.
  2154 | D:2      | Noticed Crazy Yiuf
  2255 | D:2      | Found Etwais's Magic Scroll Shoppe.
  2265 | D:2      | Bought a scroll of magic mapping for 45 gold pieces
  2589 | D:2      | HP: 1/26 [poisoned by Crazy Yiuf]
  2590 | D:2      | Succumbed to Crazy Yiuf's poison

Illustrated notes

Levels and vault maps discovered:
D:1:      wander_arrival_estate, layout_basic
D:2:      layout_rooms, serial_shops, shop_statue, hex_tiny,
          uniq_crazy_yiuf_cottage

Skill      XL: |  1  2 |
---------------+-------+-----
Translocations | 1 |  1.7
Dodging        | |  1.7
Stealth        | |  1.7
Spellcasting   | |  2.7
Conjurations   | |  4.5

Action                   || total
-------------------------++-------
Melee: Unarmed           ||    46
       Tailslap          ||     4
       Punch             ||     1
 Cast: Magic Dart        ||    39
       Searing Ray       ||    12
  Use: Potion            ||     4
       Scroll            ||     1
Armor: Skin              ||    21
Dodge: Dodged            ||    40
